 Dungeon Crawl Stone Soup version 0.27.1-33-g824d729ab1 (webtiles) character file.

Game seed: 14228951180559222779

493 pkoi the Insei (level 6, -7/45 HPs)
             Began as a Draconian Earth Elementalist on Nov 30, 2021.
             Mangled by Edmund (13 damage)
             ... on level 4 of the Dungeon.
             The game lasted 00:07:28 (5847 turns).

pkoi the Insei (Draconian Earth Elementalist)       Turns: 5847, Time: 00:07:29

Health: -7/45      AC:  9    Str: 10    XL:     6   Next: 92%
Magic:  1/9        EV: 12    Int: 17    God:
Gold:   110        SH:  0    Dex: 12    Spells: 6/9 levels left

rFire    . . .     SeeInvis .   o - +1 dagger (elec)
rCold    . . .     Faith    .   (no shield)
rNeg     . . .     Spirit   .   (armour unavailable)
rPois    .         Reflect  .   (helmet restricted)
rElec    .         Harm     .   m - +1 cloak
rCorr    .         Rampage  .   (no gloves)
Will     .....                  j - +0 pair of boots
Stlth    ++........             (no amulet)
HPRegen  0.15/turn              (no ring)
MPRegen  0.11/turn              (no ring)

@: no status effects
A: AC +6, unfitting armour, cold-blooded
a: no special abilities


You were on level 4 of the Dungeon.
You visited 1 branch of the dungeon, and saw 4 of its levels.

You collected 110 gold pieces.

Inventory:

Hand Weapons
 o - a +1 dagger of electrocution (weapon)
Missiles
 b - 28 stones
 d - 29 poisoned darts
 k - a throwing net
Armour
 j - a +0 pair of boots (worn)
 m - a +1 cloak (worn)
Jewellery
 a - a +6 ring of dexterity
 f - a ring of ice
 l - a +4 ring of evasion
 q - a ring of flight
Wands
 p - a wand of mindburst (11)
Scrolls
 e - a scroll of identify
 g - a scroll of magic mapping {unknown}
 h - a scroll of enchant armour
Potions
 c - a potion of degeneration {unknown}
 i - a potion of flight
 n - a potion of heal wounds


   Skills:
 - Level 1.7 Dodging
 - Level 1.7 Stealth
 * Level 5.2 Unarmed Combat
 - Level 2.0 Spellcasting
 + Level 4.1 Transmutations
 - Level 3.8 Earth Magic


You had 6 spell levels left.
You knew the following spells:

 Your Spells              Type           Power      Damage    Failure   Level
a - Sandblast             Erth           28%        2d8       4%          1
b - Passwall              Tmut/Erth      12%        N/A       6%          2

Your spell library contained the following spells:

 Spells                   Type           Power      Damage    Failure   Level
 Freeze                   Ice            4%         1d3       19%         1
 Stone Arrow              Conj/Erth      16%        3d8       26%         3
 Corpse Rot               Necr/Air       N/A        N/A       28%         2
 Petrify                  Tmut/Erth      15%        N/A       36%         4
 Frozen Ramparts          Ice            2%         1d2       50%         3
 Dispel Undead            Necr           1%         3d6       88%         4
 Hailstorm                Conj/Ice       1%         3d3       88%         4
 Death Channel            Necr           0%         N/A       100%        6


Dungeon Overview and Level Annotations

Branches:
Dungeon (4/15)
 Temple: D:4-7

Altars:
Cheibriados
Trog
Vehumet
Xom
The Shining One

Shops:
D:4 :

Annotations:
D:4 Edmund


Innate Abilities, Weirdness & Mutations

Your plain brown scales are hard. (AC +6)
You cannot fit into any form of body armour.
You are cold-blooded and may be slowed by cold attacks.


Message History

You can't see any susceptible monsters within range! (Use Z to cast anyway.)
You can't see any susceptible monsters within range! (Use Z to cast anyway.)
The blast of sand hits Edmund!
Edmund is moderately wounded.
The blast of sand hits Edmund.
Edmund is moderately wounded.
The blast of sand hits Edmund but does no damage.
Edmund is moderately wounded.
Edmund misses you.
The blast of sand misses Edmund.
Edmund grinds his teeth, and then sighs.
Edmund barely misses you.
The blast of sand hits Edmund.
Edmund is heavily wounded.
Edmund hits you with a +1 dire flail of distortion.
The blast of sand hits Edmund but does no damage.
Edmund is heavily wounded.
Edmund closely misses you.
The blast of sand hits Edmund!
Edmund is severely wounded.
Edmund hits you but does no damage. Space bends around you.
The blast of sand hits Edmund but does no damage.
Edmund is severely wounded.
Edmund barely misses you.
The blast of sand hits Edmund but does no damage.
Edmund is severely wounded.
Edmund hits you with a +1 dire flail of distortion!
Space warps horribly around you!
* * * LOW HITPOINT WARNING * * *
Unknown command.
You barely miss Edmund.
Edmund is severely wounded.
Edmund hits you with a +1 dire flail of distortion.
* * * LOW HITPOINT WARNING * * *
Space bends around you.
* * * LOW HITPOINT WARNING * * *
You hit Edmund but do no damage.
Edmund is severely wounded.
Edmund hits you with a +1 dire flail of distortion!
You die...

##.#.......###.###
#..#.......# #.#
##.##......## #.#
##...†.....## #.#
...)).......# #.#
.#..).......# #.##
#...#.......# #∩.# # .
..#........## #..#.#....
.....##...## ##@@......
###.######........#.....
###.# #.###.##.# ....
....# # #. .. ... .).##
.# . ... .. ....###
##.#.. ...# .
......##..... .#.#
.#........#.# ...#
.##.##......#


You could see Edmund.

Vanquished Creatures
  A bullfrog (D:4)
  A centaur skeleton (D:4)
  An iguana (D:3)
  2 orc wizards (D:3)
  Natasha (thrice) (D:2)
  4 adders
  9 gnolls
  2 worms
  3 dart slugs
  9 orcs
  5 endoplasms
  7 giant cockroaches
  8 goblins
  12 hobgoblins
  11 jackals (D:3)
  5 quokkas
  9 ball pythons
  6 bats
  3 frilled lizards
  5 kobolds
  4 rats
110 creatures vanquished.

Notes
Turn   | Place    | Note
-------+----------+-------------------------------------------
     0 | D:1      | pkoi the Draconian Earth Elementalist began the quest for
                  | the Orb.
     0 | D:1      | Reached XP level 1. HP: 14/14 MP: 3/3
   687 | D:1      | Reached skill level 1 in Unarmed Combat
   711 | D:1      | Reached XP level 2. HP: 20/20 MP: 1/5
   768 | D:1      | Learned a level 2 spell: Passwall
  1245 | D:1      | Reached XP level 3. HP: 24/26 MP: 6/6
  1736 | D:1      | Reached skill level 2 in Unarmed Combat
  2064 | D:2      | Reached XP level 4. HP: 4/33 MP: 1/7
  2336 | D:2      | Noticed Natasha
  2340 | D:2      | Killed Natasha
  2544 | D:2      | Noticed Natasha
  2548 | D:2      | Reached skill level 3 in Unarmed Combat
  2554 | D:2      | Killed Natasha
  2611 | D:2      | Reached XP level 5. HP: 22/38 MP: 4/8
  2786 | D:2      | Found a radiant altar of Vehumet.
  2842 | D:2      | Noticed Natasha
  2854 | D:2      | Killed Natasha
  3856 | D:3      | Reached skill level 4 in Unarmed Combat
  4157 | D:3      | Reached XP level 6. HP: 45/45 MP: 6/9
  4218 | D:3      | Found a bloodstained altar of Trog.
  4218 | D:3      | Found a shimmering altar of Xom.
  4662 | D:3      | Found a glowing golden altar of the Shining One.
  5463 | D:4      | Reached skill level 5 in Unarmed Combat
  5683 | D:4      | Found a snail-covered altar of Cheibriados.
  5823 | D:4      | Found Xukoh's Book Shoppe.
  5833 | D:4      | Noticed Edmund
  5847 | D:4      | Mangled by Edmund

Illustrated notes

Levels and vault maps discovered:
D:1:      saegor_arrival_simple_e, layout_basic, minmay_misc_feat_tower
D:2:      layout_basic, basic_altar, uniq_natasha
D:3:      layout_loops_ring, mainiacjoe_overflow_cross_hatched,
          gammafunk_temple_overflow_elements
D:4:      layout_rooms, chequers_temple_overflow_statue_of_worship,
          mainiacjoe_overflow_six_doors_small, serial_shops, shop,
          feat_on_display, uniq_edmund

Skill      XL: |  1  2  3  4  5  6 |
---------------+-------------------+-----
Unarmed Combat | 1 2 3 4 5 |  5.2
Transmutations | 2 3 4 |  4.1
Dodging        | |  1.7
Stealth        | |  1.7
Spellcasting   | |  2.0
Earth Magic    | |  3.8

Action                   |  1- 3 |  4- 6 || total
-------------------------+-------+-------++-------
Melee: Unarmed           |   119 |   116 ||   235
       Tailslap          |    11 |    12 ||    23
       Punch             |       |     3 ||     3
       Dagger            |       |    37 ||    37
 Cast: Sandblast         |    28 |   102 ||   130
  Use: Scroll            |       |     8 ||     8
 Stab: Sleeping          |     2 |     1 ||     3
Armor: Skin              |    42 |   100 ||   142
Dodge: Dodged            |    88 |   162 ||   250
